 Dungeon Crawl Stone Soup version 0.28.0 (webtiles) character file.

Game seed: 11539196433191737474

46 Descartes the Grasshopper (level 3, -3/28 HPs)
             Began as a Formicid Warper on Feb 17, 2022.
             Killed by nerve-wracking pain
             ... invoked by Grinder
              (12 damage)
             ... on level 3 of the Dungeon.
             The game lasted 00:07:24 (2799 turns).

Descartes the Grasshopper (Formicid Warper)         Turns: 2799, Time: 00:07:24

Health: -3/28      AC:  9    Str: 17    XL:     3   Next: 95%
Magic:  6/6        EV:  7    Int: 12    God:
Gold:   120        SH:  0    Dex: 10    Spells: 6/6 levels left

rFire   . . .      SeeInvis +   n - +0 war axe
rCold   . . .      Faith    .   (no shield)
rNeg    . . .      Spirit   .   r - +0 chain mail
rPois   .          Reflect  .   (helmet unavailable)
rElec   .          Harm     .   (no cloak)
rCorr   .          Rampage  .   (no gloves)
Will    +....                   q - +0 pair of boots
Stlth   ..........              (no amulet)
HPRegen 0.09/turn               l - ring of willpower
MPRegen 0.10/turn               (no ring)

@: no status effects
A: permanent stasis, dig shafts and tunnels, antennae 3, four strong arms
a: Dig, Shaft Self


You were on level 3 of the Dungeon.
You visited 1 branch of the dungeon, and saw 3 of its levels.

You collected 120 gold pieces.

Inventory:

Hand Weapons
 i - a +0 dagger of venom
 m - a +0 hunting sling
 n - a +0 war axe (weapon)
Missiles
 c - 5 boomerangs of dispersal (quivered)
 k - 5 poisoned darts
 o - 2 stones
Armour
 b - a +0 leather armour
 q - a +0 pair of boots (worn)
 r - a +0 chain mail (worn)
Jewellery
 l - a ring of willpower (left hand)
Wands
 a - a wand of mindburst (4)
Scrolls
 e - 2 scrolls of teleportation {unknown}
 g - a scroll of noise {unknown}
 h - 2 scrolls of identify {unknown}
 p - a scroll of immolation {unknown}
Potions
 d - 2 potions of invisibility
 f - a potion of heal wounds {unknown}
 j - 2 potions of curing


   Skills:
 + Level 2.8 Fighting
 + Level 2.4 Axes
 - Level 1.0 Throwing
 + Level 1.9 Armour
 - Level 1.7 Dodging
 - Level 2.1 Spellcasting
 + Level 3.1 Translocations
 + Level 1.0 Evocations


You had 6 spell levels left.
You didn't know any spells.
Your spell library contained the following spells:

 Spells                   Type           Power      Damage    Failure   Level
 Gell's Gravitas          Tloc           8%         N/A       98%         3
 Lesser Beckoning         Tloc           8%         N/A       98%         3
 Teleport Other           Tloc           8%         N/A       98%         3
 Ensorcelled Hibernation  Hex/Ice        2%         N/A       100%        2
 Spider Form              Tmut/Pois      1%         N/A       100%        3
 Anguish                  Hex/Necr       0%         N/A       100%        4
 Manifold Assault         Tloc           8%         N/A       100%        5
 Blink                    Tloc           Unusable   N/A       N/A         2

Dungeon Overview and Level Annotations

Branches:
Dungeon (3/15)

Altars:

Annotations:
D:3 1 runed translucent door, Crazy Yiuf, Grinder


Innate Abilities, Weirdness & Mutations

You cannot be hasted, slowed, berserked, paralysed or teleported.
You can dig through walls and to a lower floor.
You have a pair of large antennae on your head. (SInv)
Your four strong arms can wield two-handed weapons with a shield.


Message History

You start putting on your armour.
You continue putting on your +0 chain mail. x5
You finish putting on your +0 chain mail.
You sense a monster nearby.
Grinder comes into view.
Grinder blinks!
Grinder moves out of view.
No target in view!
No target in view!
Grinder hits you.
You writhe in agony.
You slash Grinder!
Grinder is moderately wounded.
Grinder gestures at you.
You easily resist.
You hit Grinder.
Grinder is moderately wounded.
Grinder closely misses you. Grinder barely misses you.
You barely miss Grinder.
Grinder is moderately wounded.
Grinder says, "My boss said I was rubbish.
His entrails said otherwise."
Grinder hits you.
You writhe in agony.
You hit Grinder.
Grinder is moderately wounded.
Grinder barely misses you. Grinder hits you but does no damage.
You closely miss Grinder.
Grinder is moderately wounded.
Grinder barely misses you.
Aiming: Mindburst
Press: ? - help, Shift-Dir - straight line, f - Grinder
Aim: Grinder (moderately wounded, chance to affect: 69%) Grinder's mind is blasted!!
Grinder closely misses you.
You hit Grinder.
Grinder is almost dead.
Grinder gestures at you.
You easily resist.
You closely miss Grinder.
Grinder is almost dead.
Grinder hits you!
You writhe in agony.
Grinder gestures at you. Pain shoots through your body!
You die...

########## #........#
#.######.# # #.# #.#
#.. #.# #.#
##...####@# #.#
........5.# #.##
###.############..####
{{{ #.........# {
#.####.##.# ### #.#
##.##.# #.##
#.###..##.#
#######..##
#..##.###.# #
###.#...#...####...#.#
#.#


You could see Grinder.

Vanquished Creatures
  2 adders
  A worm (D:2)
  3 endoplasms (D:2)
  A goblin (D:1)
  4 hobgoblins
  2 jackals (D:2)
  3 quokkas
  2 ball pythons (D:1)
  3 bats
  A kobold (D:2)
  3 rats
  2 bushes (D:2)
27 creatures vanquished.

Vanquished Creatures (others)
  7 plants (D:2)
7 creatures vanquished.

Grand Total: 34 creatures vanquished

Notes
Turn   | Place    | Note
-------+----------+-------------------------------------------
     0 | D:1      | Descartes the Formicid Warper began the quest for the Orb.
     0 | D:1      | Reached XP level 1. HP: 16/16 MP: 3/3
   513 | D:1      | Reached XP level 2. HP: 23/23 MP: 5/5
   549 | D:1      | Found a faded altar of an unknown god.
  1513 | D:2      | Reached XP level 3. HP: 28/28 MP: 6/6
  1543 | D:2      | Reached skill level 3 in Translocations
  2636 | D:3      | Found a runed translucent door.
  2637 | D:3      | Noticed Crazy Yiuf
  2660 | D:3      | Reached skill level 1 in Evocations
  2784 | D:3      | Noticed Grinder
  2799 | D:3      | Killed from afar by Grinder

Illustrated notes

Levels and vault maps discovered:
D:1:      dpeg_arrival_simpleton_c, layout_basic, shapermc_ecumenical_altar_venn
D:2:      layout_loops_corners, serial_forest, infiniplex_forest_split,
          infiniplex_forest_zigzag_1, infiniplex_forest_clump_medium,
          infiniplex_forest_clump_double
D:3:      layout_loops_corners, uniq_natasha, uniq_grinder, uniq_robin,
          uniq_jessica, uniq_crazy_yiuf_cottage

Skill      XL: |  1  2  3 |
---------------+----------+-----
Translocations | 3 |  3.1
Evocations     | 1 |  1.0
Fighting       | |  2.8
Axes           | |  2.4
Throwing       | |  1.0
Armour         | |  1.9
Dodging        | |  1.7
Spellcasting   | |  2.1

Action                   || total
-------------------------++-------
Melee: Hand axe          ||    33
       War axe           ||   205
       Punch             ||     4
Evoke: Wand              ||     2
  Use: Potion            ||     2
Armor: Leather armour    ||    19
       Chain mail        ||     1
Dodge: Dodged            ||    55
